 Dungeon Crawl Stone Soup version 0.28.0-43-g3370ac3207 (webtiles) character file.

Game seed: 9129046653560784990

183868 demenzo the Warrior (level 17, -3/168 HPs)
             Began as a Minotaur Cinder Acolyte on Mar 4, 2022.
             Was an Elder of Trog.
             Slain by an emperor scorpion (16 damage)
             ... on level 3 of the Spider Nest on Mar 7, 2022.
             The game lasted 01:06:44 (31585 turns).

demenzo the Warrior (Minotaur Cinder Acolyte)      Turns: 31585, Time: 01:06:44

Health: -3/168     AC: 26    Str: 21      XL:     17   Next: 76%
Magic:  17/17      EV:  8    Int:  9 (11) God:    Trog [****..]
Gold:   2346       SH: 12    Dex:  9 (14) Spells: 18/18 levels left

rFire   + + .      SeeInvis .   u - +7 broad axe of the Distant Future {drain, +Blink rN+}
rCold   + . .      Faith    .   n - +0 tower shield
rNeg    + . .      Spirit   .   a - +0 plate armour of Spring Thaw {Rampage Drain rF+}
rPois   +          Reflect  .   (helmet restricted)
rElec   .          Harm     .   X - +2 cloak {rPois}
rCorr   .          Rampage  +   H - +0 pair of gloves
Will    +....                   o - +0 pair of boots
Stlth   ..........              g - amulet of regeneration
HPRegen 1.18/turn               c - ring of protection from fire
MPRegen 0.15/turn               W - +4 ring of slaying

@: lethally poisoned (-3 -> -10), unable to read
A: horns 2, retaliatory headbutt, agile 1, cold resistance 1, inability to read
while threatened
a: Renounce Religion, Evoke Blink, Berserk, Trog's Hand, Brothers in Arms


You were on level 3 of the Spider Nest.
You worshipped Trog.
Trog was greatly pleased with you.
You visited 4 branches of the dungeon, and saw 27 of its levels.
You also visited: Sewer and Ice Cave.

You collected 2842 gold pieces.
You spent 496 gold pieces at shops.

Inventory:

Hand Weapons
 u - the +7 broad axe of the Distant Future (weapon) {drain, +Blink rN+}
   (You acquired it on level 14 of the Dungeon)

   A truly terrible weapon, it drains the life of any living foe it strikes.
   rN:        It protects you from negative energy.
   +Blink:    It lets you blink.
 J - the +4 falchion of Seur {vorpal, rElec rC+ Stlth+}
   (You found it on level 8 of the Dungeon)

   It inflicts extra damage upon your enemies.
   rC:        It protects you from cold.
   rElec:     It insulates you from electricity.
   Stlth:     It makes you more stealthy.
Missiles
 d - 3 throwing nets (quivered)
 p - 30 poisoned darts
 w - 3 datura-tipped darts
 F - 5 atropa-tipped darts
 G - 14 curare-tipped darts
 K - 6 javelins
Armour
 a - the +0 plate armour of Spring Thaw (worn) {Rampage Drain rF+}
   (You found it on level 14 of the Dungeon)

   rF:        It protects you from fire.
   Drain:     It drains your maximum health when unequipped.
   Rampage:   It bestows one free step when moving towards enemies.
 i - a +0 buckler
 n - a +0 tower shield (worn)
 o - a +0 pair of boots (worn)
 H - a +0 pair of gloves (worn)
 V - a scarf of shadows
 X - a +2 cloak of poison resistance (worn)
Jewellery
 b - a ring of willpower
 c - a ring of protection from fire (left hand)
 e - a ring of protection from cold
 g - an amulet of regeneration (around neck)
 h - a +4 ring of evasion
 k - a ring of see invisible
 x - a ring of resist corrosion
 W - a +4 ring of slaying (right hand)
Wands
 t - a wand of acid (9)
 y - a wand of iceblast (7)
 B - a wand of paralysis (11)
 D - a wand of flame (69)
 M - a wand of polymorph (18)
 P - a wand of digging (10)
Scrolls
 E - a scroll of summoning
 I - 4 scrolls of fear
 L - 3 scrolls of enchant armour
 Q - 9 scrolls of teleportation
 R - a scroll of fog
 S - 5 scrolls of identify
 Y - 3 scrolls of enchant weapon
 Z - 3 scrolls of blinking
Potions
 f - a potion of ambrosia
 j - a potion of magic
 l - 7 potions of invisibility
 m - 6 potions of curing
 q - 7 potions of flight
 r - 2 potions of heal wounds
 s - a potion of resistance
 v - 3 potions of haste
 A - 6 potions of attraction
 C - 3 potions of cancellation
 N - a potion of berserk rage
 O - 7 potions of lignification
 U - 3 potions of might
Miscellaneous
 z - a condenser vane
 T - a phantom mirror


   Skills:
 - Level 19.3 Fighting
 - Level 18.0 Axes
 - Level 19.0 Armour
 - Level 17.5 Dodging
 + Level 5.7 Shields
 - Level 1.0 Spellcasting
 - Level 2.1 Fire Magic
 + Level 5.7 Evocations


You had 18 spell levels left.
You didn't know any spells.
Your spell library contained the following spells:

 Spells                   Type           Power      Damage    Failure   Level
 Freeze                   Ice            0%         1d3       100%        1
 Sandblast                Erth           0%         2d4       100%        1
 Sting                    Tmut/Pois      0%         1d3       100%        1
 Blink                    Tloc           0%         N/A       100%        2
 Poisonous Vapours        Pois/Air       0%         N/A       100%        2
 Scorch                   Fire           8%         2d5       100%        2
 Static Discharge         Conj/Air       0%         N/A       100%        2
 Call Canine Familiar     Summ           0%         N/A       100%        3
 Gell's Gravitas          Tloc           0%         N/A       100%        3
 Inner Flame              Hex/Fire       2%         N/A       100%        3
 Lesser Beckoning         Tloc           0%         N/A       100%        3
 Ozocubu's Armour         Ice            0%         N/A       100%        3
 Portal Projectile        Hex/Tloc       0%         N/A       100%        3
 Teleport Other           Tloc           0%         N/A       100%        3
 Tukima's Dance           Hex            0%         N/A       100%        3
 Anguish                  Hex/Necr       0%         N/A       100%        4
 Animate Dead             Necr           0%         N/A       100%        4
 Cause Fear               Hex            0%         N/A       100%        4
 Flame Wave               Conj/Fire      2%         2d4       100%        4
 Fulminant Prism          Conj/Hex       0%         3d6       100%        4
 Iskenderun's Mystic Bla  Conj/Tloc      0%         2d3       100%        4
 Leda's Liquefaction      Hex/Erth       0%         N/A       100%        4
 Olgreb's Toxic Radiance  Pois           0%         N/A       100%        4
 Blade Hands              Tmut           0%         N/A       100%        5
 Borgnjor's Vile Clutch   Necr/Erth      0%         N/A       100%        5
 Irradiate                Conj/Tmut      0%         3d14      100%        5
 Lee's Rapid Deconstruct  Erth           0%         3d5*      100%        5
 Lightning Bolt           Conj/Air       0%         1d11      100%        5
 Manifold Assault         Tloc           0%         N/A       100%        5
 Death Channel            Necr           0%         N/A       100%        6
 Dispersal                Tloc           0%         N/A       100%        6
 Statue Form              Tmut/Erth      0%         N/A       100%        6
 Summon Cactus Giant      Summ           0%         N/A       100%        6
 Dragon Form              Tmut           0%         N/A       100%        7
 Enfeeble                 Hex            0%         N/A       100%        7
 Discord                  Hex            0%         N/A       100%        8
 Maxwell's Capacitive Co  Air            0%         ∞         100%        8


Dungeon Overview and Level Annotations

Branches:
Dungeon (15/15)            Temple (0/1) D:7            Lair (6/6) D:10
  Swamp (0/4) Lair:2       Spider (4/4) Lair:4        Slime (0/5) Lair:6
    Orc (2/2) D:11            Elf (0/3) Orc:2        Vaults (0/5) D:14
 Depths (0/4) D:15          Sewer (visited)           IceCv (visited)

Altars:
Dithmenos
Elyvilon
Gozag
Kikubaaqudgha
Nemelex Xobeh
Okawaru
Qazlal
Trog
Xom
Beogh

Shops:
D:10 *   Orc:2 [[*(=

Annotations:
D:5 exclusion: door
D:13 exclusion: door
D:14 3 runed translucent doors, Geidgh's ghost, journeyman FoFi; Toamp's ghost, journeyman MiBe
Lair:6 exclusion: 3 oklob plants
Orc:1 1 runed translucent door, Owwww's ghost, journeyman DsFi


Innate Abilities, Weirdness & Mutations

You have a pair of horns on your head.
You reflexively headbutt those who attack you in melee.
You are agile. (Dex +2)
Your flesh is cold resistant. (rC+)
You sometimes lose the ability to read scrolls when taking damage.


Message History

The wolf spider hits you!
* * * LOW HITPOINT WARNING * * *
You block the wolf spider's attack. You block the jumping spider's attack.
The jumping spider bites you but does no damage.
The wolf spider hits you but does no damage.
The wolf spider bites you but does no damage.
The jumping spider pounces on you but does no damage.
You block the jumping spider's attack.
There is an escape hatch in the ceiling here.
Unknown command.
The orb of destruction hits the wolf spider!!!
The emperor scorpion stings you.
* * * LOW HITPOINT WARNING * * *
The emperor scorpion claws you but does no damage. x2
The emperor scorpion barely misses you.
The emperor scorpion claws you but does no damage. x2
The emperor scorpion stings you!
* * * LOW HITPOINT WARNING * * *
You are lethally poisoned!
The emperor scorpion poisons you!
The emperor scorpion claws you but does no damage.
You block the emperor scorpion's attack.
A mysterious force pulls you upwards. The hatch slams shut behind you.
* * * LOW HITPOINT WARNING * * *
You feel extremely sick.
Unknown command.
Unknown command.
Unknown command.
Unknown command.
Unknown command.
Unknown command.
Unknown command.
Unknown command.
Unknown command.
Unknown command.
You cannot read scrolls in your current state!
You feel much better.
You feel very sick. The emperor scorpion stings you!
You die...

.....#.#............#...#...^.#
....)..............#^...#.....#
.......†......................#
.......#†###.......#..........#
..^......#......^............^#
.####....#............#..†....#
.........#......##......#.....#
#........#^.....#.....#.#....^#
##..#.#.....#...@s....#^......#
.#..#.......^.#ss#.^###.......#
##^....#..........#.##....#...#
#.................###.....#...#
#.................#.....#.....#
#.^...............#...........#
#....#.................#......#
........##.............##.....#
......#..###)....#..#####.[..##


You could see 2 emperor scorpions and a jumping spider.

Vanquished Creatures
  Jorgrun (D:14)
  An Ice Fiend (IceCv)
  Frances (Spider:2)
  12 emperor scorpions
  An orc warlord (Orc:1)
  5 ghost moths
  2 broodmothers
  Azrael (D:13)
  4 entropy weavers
  Nessos (D:12)
  4 spark wasps
  Snorg (D:14)
  Fannar (Lair:2)
  A vault guard (D:14)
  An ice dragon (D:14)
  3 radroaches
  A catoblepas (Lair:1)
  2 caustic shrike simulacra (IceCv)
  6 hydras
  6 boulder beetles
  2 jorogumos
  A death yak (Lair:5)
  A merfolk avatar (Lair:6)
  4 centaur warriors
  5 two-headed ogres
  A tengu warrior (D:14)
  A titan skeleton (D:15)
  4 orc high priests (Orc:2)
  Nergalle (Lair:3)
  5 pharaoh ants
  14 skeletal warriors
  A flayed ghost (D:15)
  3 sun moths (Spider:3)
  An orb spider (Spider:2)
  3 steelbarb worms
  A sea snake (Lair:6)
  2 bog bodies (IceCv)
  A spriggan simulacrum (IceCv)
  A deep elf archer (D:14)
  A necromancer (D:15)
  2 obsidian statues (IceCv)
  4 orc knights
  2 harpies (Lair:6)
  23 wolf spiders
  16 ugly things
  A deep elf pyromancer (D:14)
  6 manticores
  4 orc sorcerers
  4 moths of wrath
  A shining eye (shapeshifter) (D:14)
  2 cyclopes
  A cyclops (shapeshifter) (D:14)
  22 elephants
  A fire giant skeleton (D:15)
  3 black mambas
  2 torpor snails
  A gargoyle (D:7)
  12 cane toads
  12 komodo dragons
  An unseen horror (D:12)
  6 demonic crawlers
  6 rime drakes
  8 freezing wraiths
  A kobold demonologist (D:13)
  A tengu conjurer (D:14)
  A guardian mummy (D:14)
  An entropy weaver simulacrum (IceCv)
  5 yaktaurs
  3 golden dragon simulacra (IceCv)
  An ice devil (IceCv)
  3 trolls
  15 meliai
  2 wind drakes (Lair:6)
  A raiju (shapeshifter) (D:14)
  A polar bear (Lair:4)
  A hornet (Lair:6)
  20 tarantellas
  12 slime creatures
  12 blink frogs
  Grinder (D:4)
  A culicivora (shapeshifter) (D:14)
  An ettin zombie (D:15)
  21 jumping spiders
  A centaur simulacrum (D:14)
  Sigmund (D:4)
  A shadow (D:8)
  A spriggan skeleton (D:15)
  23 culicivoras
  3 vampires
  A steam dragon (Lair:4)
  A wraith (D:12)
  14 fire elementals
  9 wyverns
  36 yaks
  7 basilisks
  50 redbacks
  6 vampire mosquitoes
  4 wargs
  Edmund (D:6)
  5 hell hounds
  An acid dragon (D:10)
  17 water moccasins
  A hydra simulacrum (IceCv)
  An ice beast (shapeshifter) (D:14)
  4 ice beasts
  A sky beast (D:6)
  25 orc warriors
  5 ettin simulacra (IceCv)
  2 black bears
  9 wolves
  9 centaurs
  5 ogres
  6 kobold brigands
  13 bullfrogs
  Blork the orc (D:4)
  A gnoll sergeant (D:9)
  2 scorpions (D:6)
  A water moccasin skeleton (D:5)
  6 killer bees
  11 wights
  5 electric eels
  3 howler monkeys
  5 centaur zombies
  A bullfrog zombie (D:7)
  30 orc priests
  3 hounds
  A gnoll shaman (D:8)
  2 jellies
  A centaur skeleton (D:5)
  41 orc wizards
  Ijyb (D:4)
  7 gnolls
  2 river rats (Sewer)
  6 adders
  A white imp (D:8)
  2 worms
  2 dart slugs
  82 orcs
  5 ball pythons
  11 endoplasms
  6 giant cockroaches
  3 goblins
  3 hobgoblins
  A jackal (Sewer)
  3 quokkas
  7 bats
  3 frilled lizards
  20 kobolds
  8 rats
902 creatures vanquished.

Vanquished Creatures (collateral kills)
  Rupert (Lair:6)
  An orc priest (D:6)
2 creatures vanquished.

Vanquished Creatures (others)
  An orc wizard (Orc:2)
  A ball python (D:4)
  88 foxfires
  35 fungi
  57 plants
  11 toadstools (D:5)
  A withered plant (D:15)
194 creatures vanquished.

Grand Total: 1098 creatures vanquished

Notes
Turn   | Place    | Note
-------+----------+-------------------------------------------
     0 | D:1      | demenzo the Minotaur Cinder Acolyte began the quest for the
                  | Orb.
     0 | D:1      | Reached XP level 1. HP: 19/19 MP: 1/1
   344 | D:1      | Reached XP level 2. HP: 18/27 MP: 2/2
   495 | D:1      | Reached skill level 1 in Armour
   605 | D:1      | Found a faded altar of an unknown god.
   656 | D:1      | Reached skill level 1 in Dodging
   975 | D:2      | Reached XP level 3. HP: 33/33 MP: 3/3
  1088 | D:1      | Reached XP level 4. HP: 5/40 MP: 4/4
  1138 | D:2      | Reached skill level 1 in Shields
  1748 | D:2      | Identified the +1 robe "Zaphauve" {rPois}
  2041 | D:3      | Reached skill level 5 in Axes
  2051 | D:3      | Found a glowing drain.
  2079 | Sewer    | Entered a sewer
  2091 | Sewer    | Reached XP level 5. HP: 46/47 MP: 5/5
  2264 | Sewer    | Found a white marble altar of Elyvilon.
  2902 | D:4      | Noticed Ijyb
  2907 | D:4      | HP: 2/47 [Ijyb/bolt of acid (45)]
  2910 | D:4      | Killed Ijyb
  2911 | D:4      | Reached XP level 6. HP: 21/53 MP: 6/6
  2996 | D:4      | Found a bloodstained altar of Trog.
  3010 | D:4      | Noticed Grinder
  3058 | D:4      | Paralysed by Grinder for 6 turns
  3064 | D:4      | Killed Grinder
  3065 | D:4      | Reached skill level 5 in Fighting
  3195 | D:4      | Identified the +9 ring mail "Egyem" {Harm}
  3268 | D:4      | Reached XP level 7. HP: 61/61 MP: 7/7
  3382 | D:4      | Noticed Sigmund
  3386 | D:4      | Killed Sigmund
  3406 | D:4      | Noticed Blork the orc
  3419 | D:4      | Killed Blork the orc
  3526 | D:4      | Found a sparkling altar of Nemelex Xobeh.
  3529 | D:4      | Found a shimmering altar of Xom.
  3541 | D:4      | Found a shadowy altar of Dithmenos.
  3806 | D:5      | Entered Level 5 of the Dungeon
  4017 | D:5      | Reached XP level 8. HP: 70/70 MP: 8/8
  4406 | D:5      | Noticed a slime creature
  4406 | D:5      | Noticed a slime creature
  4498 | D:5      | Found a stormy altar of Qazlal.
  4636 | D:5      | Reached skill level 5 in Armour
  4952 | D:6      | Reached skill level 5 in Shields
  5034 | D:6      | Reached skill level 5 in Dodging
  5204 | D:6      | Noticed Edmund
  5213 | D:6      | Killed Edmund
  5214 | D:6      | Reached XP level 9. HP: 78/78 MP: 9/9
  5416 | D:6      | Found an ancient bone altar of Kikubaaqudgha.
  5571 | D:7      | Reached skill level 10 in Axes
  5748 | D:7      | Found a staircase to the Ecumenical Temple.
  6226 | D:8      | Identified the +4 falchion of Seur {vorpal, rElec rC+
                  | Stlth+}
  6409 | D:8      | Noticed a gargoyle
  6480 | D:7      | Killed a gargoyle
  6481 | D:7      | Reached XP level 10. HP: 22/88 MP: 10/10
  6778 | D:8      | Found a white marble altar of Elyvilon.
  7254 | D:9      | Found an iron altar of Okawaru.
  8179 | D:10     | Entered Level 10 of the Dungeon
  8179 | D:10     | Found Immovoumn's General Store.
  8386 | D:10     | Reached XP level 11. HP: 97/97 MP: 11/11
  8408 | D:10     | Noticed a two-headed ogre
  8670 | D:10     | Noticed a two-headed ogre
  8672 | D:10     | Killed a two-headed ogre
  8762 | D:10     | Found a staircase to the Lair.
  8883 | D:10     | Killed a two-headed ogre
  8884 | D:10     | Reached skill level 10 in Fighting
  9140 | Lair:1   | Entered Level 1 of the Lair of Beasts
  9465 | Lair:1   | Found an opulent altar of Gozag.
 10436 | Lair:2   | Noticed Fannar
 10437 | Lair:2   | Noticed a catoblepas
 10726 | Lair:1   | Killed a catoblepas
 10727 | Lair:1   | Reached skill level 10 in Armour
 10944 | Lair:2   | Found a staircase to the Swamp.
 11020 | Lair:2   | Killed Fannar
 11167 | Lair:3   | Reached XP level 12. HP: 102/108 MP: 12/12
 11310 | Lair:3   | Reached skill level 15 in Axes
 11336 | Lair:3   | Noticed a boulder beetle
 11350 | Lair:3   | Killed a boulder beetle
 11657 | Lair:3   | Noticed Nergalle
 11671 | Lair:3   | Killed Nergalle
 12261 | Lair:4   | Reached skill level 10 in Dodging
 12503 | Lair:4   | Found a hole to the Spider Nest.
 12833 | Lair:4   | Noticed Sonja
 12841 | Lair:4   | Noticed Sonja
 12841 | Lair:4   | Sonja changed into Sonja the warg
 12849 | Lair:4   | Killed Sonja the warg
 13413 | Lair:5   | Reached XP level 13. HP: 102/119 MP: 13/13
 13422 | Lair:5   | Reached XP level 14. HP: 121/129 MP: 14/14
 13460 | Lair:5   | Identified the +11 shortbow of Moral Flaws {flame, Fragile
                  | Dex+6}
 14437 | Lair:6   | Entered Level 6 of the Lair of Beasts
 14704 | Lair:6   | Noticed Rupert
 14720 | Lair:6   | Killed Rupert
 14806 | Lair:6   | Got the Papyrus of Glacial Earth
 15768 | Lair:6   | Found a staircase to the Slime Pits.
 15890 | D:10     | Identified the -2 helmet of the Bulwark {Harm rCorr}
 16087 | D:11     | Found a staircase to the Orcish Mines.
 16707 | D:12     | Noticed Nessos
 16715 | D:12     | Killed Nessos
 17128 | D:12     | Reached skill level 15 in Fighting
 17229 | D:12     | Reached XP level 15. HP: 136/141 MP: 15/15
 18674 | D:14     | Reached skill level 15 in Armour
 18674 | D:14     | Identified a scroll of acquirement
 18675 | D:14     | Acquired the +7 broad axe of the Distant Future {drain,
                  | +Blink rN+}
 18823 | D:14     | Found a frozen archway.
 18841 | D:14     | Identified the +0 plate armour of Spring Thaw {Rampage
                  | Drain rF+}
 18929 | IceCv    | Entered an ice cave
 19677 | IceCv    | Noticed an Ice Fiend
 19689 | IceCv    | Killed an Ice Fiend
 19830 | D:14     | Gained mutation: You have hidden genetic defects. [a
                  | shining eye]
 19846 | D:14     | Noticed Jorgrun
 19859 | D:14     | Killed Jorgrun
 20126 | D:14     | Noticed Azrael
 20316 | D:13     | Killed Azrael
 20333 | D:13     | Gained mutation: You have terrible hidden genetic defects.
                  | [hidden defects]
 20459 | D:14     | Found a runed translucent gate.
 20460 | D:14     | Found a runed translucent gate.
 20461 | D:14     | Found a runed translucent gate.
 20462 | D:14     | Noticed Toamp's ghost (journeyman MiBe)
 20463 | D:14     | Noticed Geidgh's ghost (journeyman FoFi)
 20732 | D:14     | Noticed Snorg
 20739 | D:14     | Killed Snorg
 20841 | D:14     | Found a gate to the Vaults.
 21043 | D:14     | Reached skill level 15 in Dodging
 21381 | D:15     | Entered Level 15 of the Dungeon
 21415 | D:15     | Found a staircase to the Depths.
 21633 | D:15     | Reached XP level 16. HP: 119/154 MP: 16/16
 21709 | D:15     | Gained mutation: You tend to lose your temper in combat.
                  | [hidden defects]
 21709 | D:15     | Lost mutation: You have terrible hidden genetic defects.
                  | [hidden defects expressed]
 22876 | Orc:1    | Entered Level 1 of the Orcish Mines
 23064 | Orc:1    | Paralysed by an orc sorcerer for 6 turns
 23135 | Orc:1    | Found a runed translucent door.
 23137 | Orc:1    | Noticed Owwww's ghost (journeyman DsFi)
 23485 | Orc:2    | Entered Level 2 of the Orcish Mines
 23647 | Orc:2    | Found Sipy's Armour Shop.
 24113 | Orc:2    | Gained mutation: Your spells are a little easier to cast,
                  | but a little less powerful. [hidden defects]
 24368 | Orc:2    | Found a staircase to the Elven Halls.
 24548 | Orc:2    | Found Ishaunox's Antique Armour Shop.
 24549 | Orc:2    | Found Fuovviut's Antique Weapon Shop.
 24551 | Orc:2    | Found Toopnusys's General Store.
 24551 | Orc:2    | Found Qoggyhuz's Jewellery Boutique.
 24556 | Orc:2    | Bought a pair of distressingly furry gloves for 237 gold
                  | pieces
 24556 | Orc:2    | Identified the +0 pair of gloves of the Forest {+Inv rF-
                  | MP-9 Stlth+} (You bought it in a shop on level 2 of the
                  | Orcish Mines)
 24969 | D:4      | Fell from the grace of Ignis
 24969 | D:4      | Became a worshipper of Trog the Wrathful
 25235 | Spider:1 | Entered Level 1 of the Spider Nest
 25304 | Lair:3   | You fall into a shaft and drop 2 floors!
 25471 | Orc:2    | Bought a +2 cloak of poison resistance for 259 gold pieces
 25788 | Spider:1 | Reached * piety under Trog
 25891 | Spider:1 | Gained mutation: You have terrible hidden genetic defects.
                  | [hidden defects]
 25891 | Spider:1 | Lost mutation: You have terrible hidden genetic defects.
                  | [hidden defects expressed]
 26148 | Spider:1 | Reached ** piety under Trog
 26286 | Spider:1 | You fall into a shaft and drop 1 floor!
 26645 | Spider:1 | Reached skill level 1 in Evocations
 26662 | Spider:1 | Gained mutation: Armour fits poorly on your strangely
                  | shaped body. [hidden defects]
 27326 | Spider:2 | Was forgiven by Ignis
 27377 | Spider:2 | Noticed Frances
 27386 | Spider:2 | Killed Frances
 27992 | Spider:2 | Reached *** piety under Trog
 27993 | Spider:2 | Reached XP level 17. HP: 157/166 MP: 17/17
 28174 | Spider:3 | Paralysed by a jorogumo for 1 turns
 28189 | Spider:2 | Gained mutation: You sometimes lose the ability to read
                  | scrolls when taking damage. [hidden defects]
 28189 | Spider:2 | Lost mutation: You have hidden genetic defects. [hidden
                  | defects expressed]
 28420 | D:13     | Lost mutation: Your spells are a little easier to cast, but
                  | a little less powerful. [potion of mutation]
 28420 | D:13     | Lost mutation: You tend to lose your temper in combat.
                  | [potion of mutation]
 28420 | D:13     | Lost mutation: Armour fits poorly on your strangely shaped
                  | body. [potion of mutation]
 28420 | D:13     | Gained mutation: You are agile. (Dex +2) [potion of
                  | mutation]
 28420 | D:13     | Gained mutation: Your flesh is cold resistant. (rC+)
                  | [potion of mutation]
 29338 | Spider:4 | Entered Level 4 of the Spider Nest
 29828 | Spider:3 | Reached **** piety under Trog
 30672 | Spider:4 | Reached skill level 5 in Evocations
 31584 | Spider:3 | HP: 2/168 [poisoned by an emperor scorpion]
 31585 | Spider:3 | Slain by an emperor scorpion

Illustrated notes

Levels and vault maps discovered:
D:1:      onia_arrival_mini_maze, layout_basic,
          shapermc_ecumenical_altar_hornbeckon, kennysheep_another_room
D:2:      cheibrodos_pilgrimage, layout_loops_ring, amethyst_killhole
D:3:      layout_basic, cheibrodos_sewer_entry_drain,
          nicolae_concentric_dashed_squares_mild
D:4:      layout_loops_ring, grunt_temple_overflow_cloverleaf, uniq_ijyb,
          uniq_sigmund, uniq_grinder, uniq_blork_the_orc
D:5:      cheibrodos_fertilizer, layout_loops_ring, mainiacjoe_overflow_alcove_1
D:6:      layout_loops_cross, nicolae_overflow_hidden_temple, uniq_edmund
D:7:      layout_cave_pools, minmay_temple_entry_glassed_door, hex_large,
          hangedman_abyss_or_decor_stabs, kennysheep_crisscross
D:8:      minmay_flawed_box, layout_loops_ring, elyvilon_altar_3,
          serial_bayou_ford_a
D:9:      layout_grid_maze, old_standard_altar, minivault_5
D:10:     layout_loops_ring, david_lair_generic, serial_shops,
          nicolae_shop_hallway_stairs
D:11:     layout_small_grid, minmay_orc_entry_temple_small
D:12:     layout_basic, serial_park_tiny_1, uniq_nessos
D:13:     layout_cave_pods, minmay_the_grid_2x2 [minmay_the_grid_pillar_ring,
          minmay_the_grid_spikes, minmay_the_grid_rooms,
          minmay_the_grid_prize_big_room]
D:14:     layout_loops_corners, david_vaults_5, hangedman_decor_points,
          portal_ice_cave_entry_dragon, gammafunk_ghost_cemetery, uniq_snorg,
          uniq_azrael, uniq_jorgrun
D:15:     gammafunk_depths_entry_grave, layout_loops_cross,
          grunt_decor_arrowhead
Lair:1:   layout_regular_city, basic_altar, infiniplex_staircase_pool
Lair:2:   layout_gridlike, swamp_mist, st_stairs_11,
          infiniplex_staircase_pool_2, serial_bayou_shore_b, uniq_fannar
Lair:3:   layout_regular_city, uniq_nergalle
Lair:4:   layout_regular_city, hellmonk_spider_entry_life_and_decay,
          lemuel_fruit_tree, grunt_megastairs_2, uniq_sonja
Lair:5:   layout_regular_city, nicolae_quartered_pool_super
Lair:6:   gammafunk_lair_ancient_temple, layout_gridlike,
          minmay_slime_entry_oklob_enclosed, chequers_serial_rivers_large_a,
          minivault_24, serial_bayou_crossing, uniq_rupert
Spider:1: layout_spider_delve, nicolae_spider_scorpion_nest
Spider:2: layout_spider_delve, nicolae_spider_webs_and_nodes, uniq_frances
Spider:3: layout_spider_delve, hangedman_spider_tarantella_strand
Spider:4: guppyfry_spider_rune, nicolae_spider_nooks_and_crannies
Orc:1:    layout_caves, ebering_ghost_inner_flame, nicolae_orc_stony_grotto,
          nicolae_orc_flooded_monolith
Orc:2:    st_orc_congregation, layout_diamond_mine, special_room, serial_shops,
          nicolae_shop_hallway_plus, basic_altar

Skill      XL: |  1  2  3  4  5  6  7  8  9 10 11 12 13 14 15 16 17 |
---------------+----------------------------------------------------+-----
Axes           | 4 5 6 7 9 11 12 14 16 17 18 | 18.0
Armour         | 1 2 3 4 5 7 8 10 11 12 14 16 18 19 | 19.0
Dodging        | 1 2 3 4 5 6 7 9 11 13 15 16 17 | 17.5
Fighting       | 4 5 6 8 9 10 12 13 15 16 18 19 | 19.3
Shields        | 1 2 3 4 5 |  5.7
Evocations     | 2 5 |  5.7
Spellcasting   | |  1.0
Fire Magic     | |  2.1

Action                   |  1- 3 |  4- 6 |  7- 9 | 10-12 | 13-15 | 16-18 || total
-------------------------+-------+-------+-------+-------+-------+-------++-------
Melee: Hand axe          |    53 |     6 |   105 |   423 |    24 |       ||   611
       Headbutt          |     5 |    23 |    55 |   157 |   260 |   192 ||   692
       War axe           |       |   122 |   186 |   273 |   157 |       ||   738
       Broad axe         |       |       |       |       |   707 |   893 ||  1600
Invok: Foxfire Swarm     |       |     2 |       |     2 |     2 |       ||     6
       Fiery Armour      |       |       |     1 |     1 |     1 |       ||     3
       Rising Flame      |       |       |       |     1 |       |       ||     1
       Berserk           |       |       |       |       |       |     7 ||     7
Evoke: Wand              |       |       |       |     3 |     3 |       ||     6
       Phantom mirror    |       |       |       |       |     1 |       ||     1
  Use: Potion            |       |     1 |       |       |     6 |     3 ||    10
       Scroll            |       |       |    10 |    15 |     6 |     2 ||    33
 Stab: Petrified         |       |       |       |       |     6 |       ||     6
Armor: Robe              |     5 |     2 |       |       |       |       ||     7
       Ring mail         |    13 |     5 |   114 |    96 |       |       ||   228
       Chain mail        |       |    27 |       |       |       |       ||    27
       Plate armour      |       |       |       |   154 |   489 |   804 ||  1447
Dodge: Dodged            |    39 |    82 |   190 |   366 |   439 |   508 ||  1624
Block: Buckler           |     1 |    17 |    67 |   136 |   172 |   203 ||   596
       Tower shield      |       |       |       |       |       |    43 ||    43
